 Dungeon Crawl Stone Soup version 0.25.1-8-g42b30a86e7 (webtiles) character file.

Game seed: 627948717706740513

110250 gruber the Gelid (level 16, 0/111 (112) HPs)
             Began as a Demonspawn Ice Elementalist on Dec 17, 2020.
             Was the Champion of Vehumet.
             Succumbed to a swamp dragon's blast of poison
             ... on level 1 of the Swamp on Dec 19, 2020.
             The game lasted 01:09:38 (30674 turns).

gruber the Gelid (Demonspawn Ice Elementalist)     Turns: 30674, Time: 01:09:39

HP:   0/111 (112)   AC: 14    Str:  8    XL:     16   Next: 6%
MP:   11/34         EV: 16    Int: 23    God:    Vehumet [******]
Gold: 745           SH:  6    Dex: 22    Spells: 13/43 levels left

rFire    + + .     SeeInvis .   M - +8 dagger of the Unstoppable Teeth {drain, MR++}
rCold    + + +     Gourm    .   i - +0 buckler
rNeg     . . .     Faith    .   m - +2 robe {rC+ rF+}
rPois    .         Spirit   +   y - +0 helmet "Qirph" {rElec Regen+ Str+3 Dex+2} (curse)
rElec    +         Reflect  .   h - +1 cloak
rCorr    .         Harm     .   p - +0 pair of gloves
MR       ++++.                  (boots unavailable)
Stlth    +++++++...             U - amulet of magic regeneration
HPRegen  0.68/turn              b - ring "Eska" {Wiz rC+ Dex+3}
MPRegen  0.73/turn              J - ring of Leane {rF+ rC+ MR+ Str-4 Dex+3}

@: lethally poisoned (0 -> -13), no potions, sanguine armour
A: hooves 3, cold resistance 1, nightstalker 2, magic shield, magic
regeneration, freezing cloud immunity, sanguine armour 1
a: Renounce Religion


You were on level 1 of the Swamp.
You worshipped Vehumet.
Vehumet was exalted by your worship.
You were very hungry.

You visited 6 branches of the dungeon, and saw 29 of its levels.

You collected 2748 gold pieces.
You spent 2003 gold pieces at shops.

Inventory:

Hand Weapons
 M - the +8 dagger of the Unstoppable Teeth (weapon) {drain, MR++}
   (You bought it in a shop on level 10 of the Dungeon)

   A truly terrible weapon, it drains the life of those it strikes.
   It affects your resistance to hostile enchantments.
Missiles
 o - 10 curare-tipped darts (quivered)
 T - 179 bolts
Armour
 h - a +1 cloak (worn)
 i - a +0 buckler (worn)
 m - a +2 robe of resistance (worn)
 p - a +0 pair of gloves (worn)
 y - the cursed +0 helmet "Qirph" (worn) {rElec Regen+ Str+3 Dex+2}
   (You bought it in a shop on level 1 of the Orcish Mines)

   It affects your strength (+3).
   It affects your dexterity (+2).
   It insulates you from electricity.
   It increases your rate of regeneration.
   It has a curse placed upon it.
Jewellery
 b - the ring "Eska" (left hand) {Wiz rC+ Dex+3}
   (You bought it in a shop on level 2 of the Orcish Mines)

   [ring of wizardry]

   It improves your spell success rate.
   It affects your dexterity (+3).
   It protects you from cold.
 t - an uncursed ring of see invisible
 F - an uncursed ring of positive energy
 J - the ring of Leane (right hand) {rF+ rC+ MR+ Str-4 Dex+3}
   (You found it on level 6 of the Lair of Beasts)

   [ring of protection from cold]

   It affects your strength (-4).
   It affects your dexterity (+3).
   It protects you from fire.
   It protects you from cold.
   It affects your resistance to hostile enchantments.
 U - an amulet of magic regeneration (around neck)
Wands
 x - a wand of disintegration (19)
 z - a wand of iceblast (20)
 B - a wand of digging (14)
 I - a wand of polymorph (9)
 V - a wand of acid (16)
 X - a wand of clouds (21)
 Z - a wand of enslavement (10)
Scrolls
 d - 5 scrolls of magic mapping {unknown}
 e - 9 scrolls of remove curse
 g - 3 scrolls of fear {unknown}
 j - a scroll of random uselessness {unknown}
 k - 2 scrolls of torment {unknown}
 r - 9 scrolls of teleportation
 s - 2 scrolls of blinking {unknown}
 u - 6 scrolls of enchant weapon {unknown}
 w - 2 scrolls of enchant armour {unknown}
 A - 2 scrolls of identify
 C - 2 scrolls of noise {unknown}
 G - a scroll of brand weapon {unknown}
 K - 5 scrolls of holy word {unknown}
 L - 4 scrolls of amnesia {unknown}
 N - a scroll of vulnerability {unknown}
 O - a scroll of acquirement {unknown}
 Q - 3 scrolls of fog {unknown}
Potions
 a - 3 potions of haste
 f - 4 potions of lignification
 l - 8 potions of heal wounds
 n - a potion of berserk rage
 q - 8 potions of brilliance
 v - 5 potions of flight
 E - 2 potions of mutation {unknown}
 H - 7 potions of curing
 P - 3 potions of resistance {unknown}
 S - 3 potions of ambrosia {unknown}
 W - 3 potions of cancellation {unknown}
 Y - 3 potions of stabbing {unknown}
Comestibles
 c - 37 rations
 D - 2 chunks of flesh


   Skills:
 - Level 6.3 Fighting
   Level 0.5 Long Blades
 - Level 5.0 Dodging
 - Level 12.1 Stealth
 - Level 6.0 Shields
 * Level 14.1 Spellcasting
 - Level 1.0 Summonings
 - Level 17.0 Ice Magic


You had 13 spell levels left.
You knew the following spells:

 Your Spells              Type           Power        Failure   Level  Hunger
a - Freeze                Ice            ####         0%          1    None
b - Frozen Ramparts       Ice            ######       0%          3    None
c - Ozocubu's Armour      Chrm/Ice       ######..     1%          3    None
d - Hailstorm             Conj/Ice       ######..     1%          4    None
e - Summon Ice Beast      Ice/Summ       ######..     1%          4    None
f - Searing Ray           Conj           ###...       1%          2    None
g - Ozocubu's Refrigerat  Ice            #######...   1%          6    #####..
h - Spellforged Servitor  Conj/Summ      ###.......   88%         7    ######.

Your spell library contained the following spells:

 Spells                   Type           Power        Failure   Level  Hunger
 Freezing Cloud           Conj/Ice/Air   #####.....   7%          6    #####..
 Foxfire                  Conj/Fire      ###.         1%          1    None
 Magic Dart               Conj           ###.         1%          1    None
 Sandblast                Erth           ###...       1%          1    None
 Conjure Flame            Conj/Fire      ###.....     1%          3    None
 Dazzling Flash           Conj/Hex       ###...       1%          3    None
 Inner Flame              Hex/Fire       ###.....     1%          3    None
 Stone Arrow              Conj/Erth      ###...       1%          3    None
 Metabolic Englaciation   Hex/Ice        ######....   1%          5    ###....
 Passwall                 Tmut/Erth      ###.....     2%          2    None
 Confusing Touch          Hex            ###.....     4%          3    None
 Gell's Gravitas          Tloc           ###.......   4%          3    None
 Fulminant Prism          Conj/Hex       ###.......   4%          4    None
 Iskenderun's Mystic Bla  Conj/Tloc      ###.....     4%          4    None
 Sticky Flame             Conj/Fire      ###.....     4%          4    None
 Fireball                 Conj/Fire      ###.......   12%         5    ###....
 Lee's Rapid Deconstruct  Erth           ###.......   12%         5    ###....
 Yara's Violent Unravell  Hex/Tmut       ###.......   12%         5    ###....
 Cause Fear               Hex            ###.......   16%         4    None
 Petrify                  Tmut/Erth      ###.....     16%         4    None
 Silence                  Hex/Air        ###.......   38%         5    ###....
 Discord                  Hex            ###.......   100%        8    #######


Dungeon Overview and Level Annotations

Branches:
Dungeon (15/15)            Temple (1/1) D:5            Lair (6/6) D:10
  Swamp (1/4) Lair:2        Snake (4/4) Lair:3        Slime (0/5) Lair:5
    Orc (2/2) D:10            Elf (0/3) Orc:2
 Vaults: D:13-14     Depths: D:15

Altars:
Ashenzari
Cheibriados
Dithmenos
Elyvilon
Fedhas
Gozag
Hepliaklqana
Kikubaaqudgha
Makhleb
Nemelex Xobeh
Okawaru
Qazlal
Ru
Sif Muna
Trog
Uskayaw
Vehumet
Wu Jian
Xom
Yredelemnul
Zin
The Shining One
Jiyva

Shops:
D:4 :   D:10 (   Orc:1 [   Orc:2 [=*}[

Portals:
Trove: D:11 (give 6 scrolls of fog)

Annotations:
D:3 3 runed translucent doors, KrasnyyBoyets's ghost, amateur BaIE
D:7 3 runed translucent doors, mavignon's ghost, novice TrEE
D:15 Louise
Orc:2 3 runed translucent doors, Frank's ghost, journeyman OpFi; gruber's ghost, adept OpVM; kaesh's ghost, journeyman MiBe; skhv's ghost, journeyman GnWz


Innate Abilities, Weirdness & Mutations

You have hooves in place of feet.
Your flesh is cold resistant. (rC+)
You are significantly more attuned to the shadows.
When hurt, damage is shared between your health and your magic reserves.
You regenerate magic rapidly.
You are immune to freezing clouds.
When seriously injured, your bleeding wounds create armour. (AC +6)


Message History

The tyrant leech is engulfed in noxious fumes.
* * * LOW HITPOINT WARNING * * *
You feel very sick.
Found two human skeletons.
You cannot drink potions in your current state!
Unknown command.
* * * LOW HITPOINT WARNING * * *
You feel very sick.
As you read the scroll of teleportation, it crumbles to dust.
You feel strangely unstable.
* * * LOW HITPOINT WARNING * * *
You feel very sick.
* * * LOW HITPOINT WARNING * * *
You feel very sick.
* * * LOW HITPOINT WARNING * * *
You feel sick.
* * * LOW HITPOINT WARNING * * *
You feel very sick.
Your surroundings suddenly seem different.
You die...

≈≈..≈≈≈≈≈
.÷...≈§≈≈
.≈§≈....§
≈≈≈≈≈≈..♣
.≈≈≈t ≈
.§
≈≈≈≈≈≈≈.♣
≈≈≈≈≈
♣≈≈.♣
≈≈≈≈....♣
≈≈≈≈≈
≈♣..♣
≈≈§.....≈
≈≈≈≈≈
≈..♣
≈≈≈§..
.≈≈≈≈♣≈.♣
≈≈≈≈≈
♣≈@≈.♣
.≈...
≈.≈≈....♣
≈...♣
♣♣≈≈..♣♣♣
♣♣♣♣♣
.≈≈≈≈..
.≈≈≈...
♣.≈..♣♣♣


You could see an alligator (asleep).

Vanquished Creatures
  A nagaraja (Snake:2)
  An orc warlord (Orc:2)
  Nessos (Orc:2)
  4 dire elephants (Lair:6)
  A fire dragon (D:15)
  An ogre mage (Orc:2)
  6 naga warriors
  4 hydras
  8 anacondas
  4 two-headed ogres
  2 tengu warriors (D:10)
  An alligator (Swamp:1)
  5 naga sharpshooters (Snake:3)
  6 shock serpents
  5 orc high priests (Orc:2)
  A sea snake (Snake:2)
  A wizard (D:15)
  3 naga ritualists
  2 swamp dragons (Swamp:1)
  5 orc knights (Orc:2)
  An ugly thing (D:11)
  5 mana vipers
  5 orc sorcerers
  A cyclops (D:12)
  2 manticores (D:11)
  A deep elf mage (D:13)
  6 salamanders
  Maurice (Orc:2)
  3 guardian serpents
  10 elephants
  28 black mambas
  8 naga magi
  8 spiny frogs
  8 komodo dragons
  A rime drake (Lair:6)
  2 trolls
  4 hornets
  3 blink frogs (Lair:6)
  2 tyrant leeches (Swamp:1)
  6 slime creatures (Swamp:1)
  A fire dragon zombie (D:15)
  3 hippogriffs
  A spriggan (Swamp:1)
  Sigmund (D:3)
  A centaur simulacrum (D:15)
  2 wyverns
  A vampire (D:13)
  3 wraiths
  47 yaks
  3 basilisks
  4 vampire mosquitoes (Swamp:1)
  Grum (D:9)
  A warg (Orc:2)
  13 water moccasins
  31 nagas
  Duvessa (D:4)
  8 porcupines
  35 orc warriors
  3 ice beasts
  2 swamp drakes (Swamp:1)
  2 black bears
  10 ogres
  3 sky beasts
  A phantom (D:7)
  10 centaurs
  7 wolves
  6 crocodiles
  4 big kobolds
  21 bullfrogs
  Dowan (D:4)
  A wyvern zombie (D:10)
  3 scorpions
  3 killer bees (D:7)
  2 wights (D:14)
  6 howler monkeys
  5 crimson imps
  2 bullfrog zombies
  3 hounds
  A gnoll shaman (Orc:1)
  34 orc priests
  35 orc wizards
  6 iguanas
  A bullfrog skeleton (D:5)
  11 worker ants
  3 hound skeletons
  A howler monkey zombie (D:7)
  A worker ant zombie (D:7)
  12 gnolls
  A howler monkey skeleton (D:7)
  17 adders
  2 river rats (Lair:2)
  3 shadow imps
  An ooze (D:1)
  2 adder zombies (D:8)
  An adder skeleton (D:8)
  5 worms
  3 dart slugs
  2 leopard geckos
  101 orcs
  A ball python (Snake:2)
  9 giant cockroaches
  5 goblins
  5 hobgoblins
  8 jackals
  6 quokkas
  8 bats
  9 frilled lizards
  A jackal skeleton (D:7)
  17 kobolds
  A leopard gecko skeleton (D:7)
  3 rats
  2 fungi
  9 plants
746 creatures vanquished.

Vanquished Creatures (collateral kills)
  2 hydras
  A catoblepas (Lair:4)
  An anaconda (Snake:2)
  3 two-headed ogres (D:15)
  An ogre mage (D:15)
  A naga sharpshooter (Snake:3)
  A skeletal warrior (D:15)
  A wizard (D:10)
  An orc knight (Orc:2)
  3 ugly things
  A deep elf mage (D:12)
  A cyclops (D:13)
  A black mamba (Snake:2)
  7 elephants
  A gargoyle (D:11)
  A spiny frog (Lair:2)
  A komodo dragon (Lair:3)
  A polar bear (Lair:2)
  2 trolls
  2 blink frogs (Lair:6)
  2 slime creatures (D:13)
  A hippogriff (shapeshifter) (D:15)
  A wraith (D:13)
  10 yaks
  2 basilisks (D:10)
  A hungry ghost (D:10)
  A redback simulacrum (D:15)
  Edmund (D:6)
  2 porcupines
  An orc warrior (D:7)
  An ice beast (D:10)
  An ogre (D:15)
  A necrophage (D:8)
  4 centaurs
  2 crocodiles
  A wyvern zombie (D:9)
  A bullfrog (Lair:4)
  A wight (D:14)
  A crimson imp (D:12)
  A jelly (D:15)
  A bullfrog skeleton (D:11)
70 creatures vanquished.

Vanquished Creatures (others)
  An orc (D:11)
  8 fungi
  16 plants
  13 withered plants (D:15)
38 creatures vanquished.

Grand Total: 854 creatures vanquished

Notes
Turn   | Place    | Note
-------+----------+-------------------------------------------
     0 | D:1      | gruber the Demonspawn Ice Elementalist began the quest for
                  | the Orb.
     0 | D:1      | Reached XP level 1. HP: 13/13 MP: 3/3
   233 | D:1      | Reached skill level 4 in Ice Magic
   235 | D:1      | Gained mutation: When hurt, damage is shared between your
                  | health and your magic reserves. [demonic ancestry]
   235 | D:1      | Reached XP level 2. HP: 16/19 MP: 0/5
  1107 | D:1      | Gained mutation: When seriously injured, your bleeding
                  | wounds create armour. (AC +6) [demonic ancestry]
  1107 | D:1      | Reached XP level 3. HP: 11/24 MP: 1/6
  1112 | D:1      | Learned a level 3 spell: Frozen Ramparts
  1374 | D:2      | Reached skill level 5 in Ice Magic
  1375 | D:2      | Gained mutation: You regenerate magic rapidly. [demonic
                  | ancestry]
  1375 | D:2      | Reached XP level 4. HP: 28/30 MP: 0/7
  1693 | D:2      | Found a blossoming altar of Fedhas.
  1851 | D:2      | Reached XP level 5. HP: 26/35 MP: 1/8
  1858 | D:2      | Learned a level 3 spell: Ozocubu's Armour
  2116 | D:2      | Reached skill level 6 in Ice Magic
  2298 | D:3      | Noticed Sigmund
  2310 | D:3      | Killed Sigmund
  2310 | D:3      | Reached skill level 7 in Ice Magic
  2310 | D:3      | Gained mutation: You have large cloven feet. [demonic
                  | ancestry]
  2310 | D:3      | Reached XP level 6. HP: 40/41 MP: 4/9
  3040 | D:3      | Found a runed translucent gate.
  3040 | D:3      | Found a runed translucent gate.
  3040 | D:3      | Found a runed translucent gate.
  3040 | D:3      | Noticed KrasnyyBoyets's ghost (amateur BaIE)
  3330 | D:4      | Gained mutation: You are slightly more attuned to the
                  | shadows. [demonic ancestry]
  3330 | D:4      | Reached XP level 7. HP: 24/46 MP: 2/10
  3334 | D:4      | Reached skill level 8 in Ice Magic
  3680 | D:4      | Got a faintly glowing robe
  3681 | D:4      | Identified the cursed +0 robe of the Moon {rF+ rC+} (You
                  | found it on level 4 of the Dungeon)
  3861 | D:4      | Found Sov Birph's Book Boutique.
  4050 | D:4      | Found a shadowy altar of Dithmenos.
  4055 | D:4      | Noticed Dowan
  4056 | D:4      | Noticed Duvessa
  4062 | D:4      | Killed Duvessa
  4078 | D:4      | Killed Dowan
  4645 | D:5      | Entered Level 5 of the Dungeon
  4773 | D:5      | Found a basalt altar of Yredelemnul.
  4775 | D:5      | Found a staircase to the Ecumenical Temple.
  4784 | Temple   | Entered the Ecumenical Temple
  4985 | Temple   | Became a worshipper of Vehumet
  5127 | D:5      | Reached XP level 8. HP: 51/52 MP: 11/15
  5222 | D:5      | Found a sacrificial altar of Ru.
  5556 | D:6      | Reached skill level 5 in Spellcasting
  5642 | D:6      | Reached skill level 1 in Shields
  6032 | D:6      | Noticed Edmund
  6043 | D:6      | Learned a level 4 spell: Hailstorm
  6048 | D:6      | Learned a level 4 spell: Summon Ice Beast
  6136 | D:6      | Killed Edmund
  6348 | D:6      | Found a snail-covered altar of Cheibriados.
  6621 | D:6      | Reached skill level 1 in Summonings
  6871 | D:7      | Found a hazy altar of Hepliaklqana.
  6953 | D:7      | Found a shimmering blue altar of Sif Muna.
  6957 | D:7      | Gained mutation: You have hoof-like feet. [demonic
                  | ancestry]
  6957 | D:7      | Reached XP level 9. HP: 45/57 MP: 12/18
  7143 | D:7      | Reached skill level 5 in Shields
  7508 | D:7      | Reached * piety under Vehumet
  7508 | D:7      | Offered knowledge of Magic Dart by Vehumet.
  7687 | D:7      | Found a runed translucent gate.
  7703 | D:7      | Found a runed translucent gate.
  7703 | D:7      | Found a runed translucent gate.
  7706 | D:7      | Noticed mavignon's ghost (novice TrEE)
  7708 | D:7      | Identified the cursed +1 flail of Nior {pain, *Drain rElec
                  | Str+3 Int+9}
  7708 | D:7      | Identified the +2 plate armour "Navih" {*Slow +Blink rN+
                  | Str+2}
  7875 | D:7      | Found a glowing golden altar of the Shining One.
  8506 | D:8      | Reached skill level 5 in Dodging
  8608 | D:8      | Reached skill level 1 in Fighting
  8621 | D:8      | Found a shimmering altar of Xom.
  8622 | D:8      | Found a shimmering altar of Xom.
  8631 | D:8      | Offered knowledge of Sandblast by Vehumet.
  8644 | D:8      | Reached ** piety under Vehumet
  9149 | D:9      | Found a burning altar of Makhleb.
  9149 | D:9      | Found a glowing silver altar of Zin.
  9150 | D:9      | Noticed an angel
  9150 | D:9      | Noticed a blizzard demon
  9207 | D:9      | Got a translucent hand crossbow
  9208 | D:9      | Identified the +4 hand crossbow of Biexkaitt {freeze, *Slow
                  | +Fly rC++ MP+9} (You found it on level 9 of the Dungeon)
  9644 | D:9      | Reached skill level 5 in Fighting
  9644 | D:9      | Reached XP level 10. HP: 65/73 MP: 8/19
  9825 | D:9      | Offered knowledge of Inner Flame by Vehumet.
  9944 | D:9      | Noticed Grum
  9955 | D:9      | Killed Grum
 10163 | D:9      | You fall into a shaft and drop 2 floors!
 10207 | D:11     | Reached skill level 9 in Ice Magic
 10292 | D:11     | Noticed a death knight
 10292 | D:11     | Noticed a phantasmal warrior
 10298 | D:11     | Noticed a manticore
 10303 | D:11     | Killed a manticore
 10304 | D:11     | Reached *** piety under Vehumet
 10392 | D:11     | Noticed a manticore
 10404 | D:11     | Killed a manticore
 10404 | D:11     | Reached skill level 10 in Ice Magic
 10570 | D:11     | Found a portal to a secret trove of treasure.
 10573 | D:11     | Noticed a seven-headed hydra
 10593 | D:11     | Killed a seven-headed hydra
 10602 | D:11     | Reached skill level 11 in Ice Magic
 10606 | D:11     | Gained mutation: You are significantly more attuned to the
                  | shadows. [demonic ancestry]
 10606 | D:11     | Reached XP level 11. HP: 80/80 MP: 5/20
 11225 | D:11     | Noticed a two-headed ogre
 11233 | D:11     | Killed a two-headed ogre
 11329 | D:10     | Entered Level 10 of the Dungeon
 11399 | D:10     | Noticed a tengu warrior
 11399 | D:10     | Noticed a tengu warrior
 11436 | D:10     | Offered knowledge of Stone Arrow by Vehumet.
 11482 | D:10     | Found Domicwa's Antique Weapon Shoppe.
 11492 | D:10     | Reached skill level 12 in Ice Magic
 11808 | D:10     | Reached **** piety under Vehumet
 11848 | D:10     | Found a staircase to the Lair.
 12215 | D:10     | You fall into a shaft and drop 3 floors!
 12258 | D:13     | Noticed a deep elf mage
 12258 | D:13     | You fall into a shaft and drop 2 floors!
 12258 | D:15     | Entered Level 15 of the Dungeon
 12258 | D:15     | Noticed a green ugly thing
 12258 | D:15     | Noticed a green ugly thing
 12259 | D:15     | Noticed a green ugly thing
 12260 | D:15     | Noticed a six-headed hydra
 12265 | D:15     | Noticed a two-headed ogre
 12275 | D:15     | Killed a two-headed ogre
 12275 | D:15     | Reached skill level 13 in Ice Magic
 12662 | D:15     | Noticed Louise
 12966 | D:15     | Noticed a wizard
 12976 | D:15     | Killed a wizard
 13069 | D:15     | Noticed an ogre mage
 13069 | D:15     | Noticed a two-headed ogre
 13069 | D:15     | Noticed a two-headed ogre
 13069 | D:15     | Noticed a two-headed ogre
 13069 | D:15     | Noticed a two-headed ogre
 13075 | D:15     | Killed a two-headed ogre
 13075 | D:15     | Offered knowledge of Airstrike by Vehumet.
 13075 | D:15     | Killed an ogre mage
 13075 | D:15     | Reached skill level 5 in Stealth
 13076 | D:15     | Killed a two-headed ogre
 13079 | D:15     | Killed a two-headed ogre
 13079 | D:15     | Reached XP level 12. HP: 79/87 MP: 3/21
 13080 | D:15     | Killed a two-headed ogre
 13164 | D:15     | Killed a six-headed hydra
 13412 | D:15     | Noticed a fire dragon
 13423 | D:15     | Killed a fire dragon
 14573 | D:13     | Reached ***** piety under Vehumet
 14573 | D:13     | Offered knowledge of Irradiate by Vehumet.
 14809 | D:12     | Learned a level 2 spell: Searing Ray
 14952 | D:12     | Reached skill level 10 in Stealth
 16022 | D:10     | Found a staircase to the Orcish Mines.
 16219 | D:10     | Killed a tengu warrior
 16222 | D:10     | Killed a tengu warrior
 16457 | Lair:1   | Entered Level 1 of the Lair of Beasts
 16766 | Lair:1   | Gained mutation: You have hooves in place of feet. [demonic
                  | ancestry]
 16766 | Lair:1   | Reached XP level 13. HP: 81/92 MP: 22/22
 18097 | Lair:2   | Found a staircase to the Swamp.
 19179 | D:10     | Bought a pitted dagger for 147 gold pieces
 19179 | D:10     | Identified the +8 dagger of the Unstoppable Teeth {drain,
                  | MR++} (You bought it in a shop on level 10 of the Dungeon)
 19182 | D:10     | Bought an encrusted morningstar for 189 gold pieces
 19182 | D:10     | Bought a warped morningstar for 189 gold pieces
 19459 | Lair:3   | Identified the +5 morningstar "Imonut" {flame, rPois rN++
                  | Int-5 SInv} (You bought it in a shop on level 10 of the
                  | Dungeon)
 20054 | Lair:3   | Found a staircase to the Snake Pit.
 21787 | Lair:5   | Reached skill level 10 in Spellcasting
 22135 | Lair:5   | Found a viscous altar of Jiyva.
 22136 | Lair:5   | Found a staircase to the Slime Pits.
 22664 | Lair:6   | Entered Level 6 of the Lair of Beasts
 22985 | Lair:6   | Got a brightly glowing silver ring
 22986 | Lair:6   | Identified the cursed +3 morningstar "Xotiamuj" {protect,
                  | Fragile Int+4 Dex+2} (You bought it in a shop on level 10
                  | of the Dungeon)
 22987 | Lair:6   | Identified the ring of Leane {rF+ rC+ MR+ Str-4 Dex+3} (You
                  | found it on level 6 of the Lair of Beasts)
 23043 | Lair:6   | Reached skill level 14 in Ice Magic
 23336 | Lair:6   | Offered knowledge of Ozocubu's Refrigeration by Vehumet.
 23348 | Lair:6   | Learned a level 6 spell: Ozocubu's Refrigeration
 23359 | Lair:6   | Gained mutation: Your flesh is cold resistant. (rC+)
                  | [demonic ancestry]
 23359 | Lair:6   | Reached XP level 14. HP: 93/99 MP: 11/28
 24984 | Orc:1    | Entered Level 1 of the Orcish Mines
 25038 | Orc:1    | Reached skill level 15 in Ice Magic
 25324 | Orc:1    | Found Nuebuduowk's Armour Shop.
 25330 | Orc:1    | Bought the cursed +0 helmet "Qirph" {rElec Regen+ Str+3
                  | Dex+2} for 390 gold pieces
 25391 | Orc:2    | Entered Level 2 of the Orcish Mines
 25410 | Orc:2    | Noticed an orc warlord
 25428 | Orc:2    | Killed an orc warlord
 25430 | Orc:2    | Noticed Maurice
 25465 | Orc:2    | Noticed Nessos
 25618 | Orc:2    | Killed Maurice
 25618 | Orc:2    | Offered knowledge of Spellforged Servitor by Vehumet.
 25695 | Orc:2    | Found a runed translucent gate.
 25744 | Orc:2    | Reached skill level 16 in Ice Magic
 25957 | Orc:2    | Found Lauh's Armour Emporium.
 26132 | Orc:2    | Found a runed translucent gate.
 26133 | Orc:2    | Found a runed translucent gate.
 26134 | Orc:2    | Noticed gruber's ghost (adept OpVM)
 26134 | Orc:2    | Noticed Frank's ghost (journeyman OpFi)
 26154 | Orc:2    | Found a staircase to the Elven Halls.
 26311 | Orc:2    | Learned a level 7 spell: Spellforged Servitor
 26456 | Orc:2    | Noticed kaesh's ghost (journeyman MiBe)
 26554 | Orc:2    | Killed Nessos
 26796 | Orc:2    | Found Gillosmo's Antique Armour Boutique.
 26797 | Orc:2    | Found Gewk's Assorted Antiques.
 26798 | Orc:2    | Found Hoajaa's Gadget Boutique.
 26799 | Orc:2    | Found Pilidani's Jewellery Boutique.
 26803 | Orc:2    | Bought a topaz-encrusted leather armour for 203 gold pieces
 26805 | Orc:2    | Bought the ring "Eska" {Wiz rC+ Dex+3} for 653 gold pieces
 26826 | Orc:2    | Identified the +1 leather armour of Grot {-Cast Str+4
                  | Dex+3} (You bought it in a shop on level 2 of the Orcish
                  | Mines)
 26847 | Orc:2    | Bought a fine spear for 232 gold pieces
 26906 | Orc:2    | Noticed skhv's ghost (journeyman GnWz)
 27328 | Orc:1    | Identified the +3 spear "Wumanung" {freeze, MR++} (You
                  | bought it in a shop on level 2 of the Orcish Mines)
 27523 | Snake:1  | Entered Level 1 of the Snake Pit
 28256 | Snake:2  | Reached XP level 15. HP: 87/104 MP: 13/29
 28261 | Snake:2  | Reached skill level 17 in Ice Magic
 28830 | Snake:2  | Noticed a nagaraja
 28838 | Snake:2  | Killed a nagaraja
 29102 | Snake:2  | Found a runed translucent gate.
 29102 | Snake:2  | Found a runed translucent gate.
 29102 | Snake:2  | Found a runed translucent gate.
 29118 | Snake:2  | Reached ****** piety under Vehumet
 29970 | Snake:3  | Offered knowledge of Freezing Cloud by Vehumet.
 30127 | Snake:3  | Found a shimmering altar of Xom.
 30197 | Snake:4  | Entered Level 4 of the Snake Pit
 30523 | Swamp:1  | Entered Level 1 of the Swamp
 30637 | Swamp:1  | Gained mutation: You are immune to freezing clouds.
                  | [demonic ancestry]
 30637 | Swamp:1  | Reached XP level 16. HP: 111/111 MP: 17/33
 30671 | Swamp:1  | HP: 5/111 [poisoned by a swamp dragon (blast of poison)]
 30673 | Swamp:1  | HP: 1/111 [poisoned by a swamp dragon (blast of poison)]
 30674 | Swamp:1  | Succumbed to a swamp dragon's blast of poison

Illustrated notes

Levels and vault maps discovered:
D:1:      minmay_arrival_checkered_box, layout_rooms, minmay_misc_feat_room,
          minmay_hedge_maze, minmay_misc_feat_ornament, dk_noncrumbling_3,
          minmay_cupped
D:2:      layout_rooms, fedhas_altar_2
D:3:      layout_loops_ring, gammafunk_ghost_necromancy, corexii_hall_statues_i,
          uniq_sigmund
D:4:      layout_loops_ring, nicolae_overflow_crystal_walls, serial_shops, shop,
          serial_bayou_pond_e, grunt_decor_resistance,
          minmay_fractal_squares_diagonal_5, uniq_duvessa
D:5:      layout_rooms, nicolae_ru_awakened_eye, overflow_temple_1_default,
          minmay_temple_entry_crystal_x, first_ration, minivault_5
D:6:      layout_layer_cave, lemuel_doored_altar, st_stairs_13, uniq_edmund
D:7:      layout_loops_ring, lemuel_crystal_altar,
          lemuel_coloured_pillars_altar, biasface_ghost_orc_armoury,
          nicolae_tso_swordbearing_angel
D:8:      layout_basic, chequers_serial_rivers_small_b, blue_anna_alchemist
          [blue_anna_fruit_fields, blue_anna_fruit_fields], xom_redecorated
D:9:      layout_loops_ring, grunt_temple_overflow_order_and_chaos_2,
          serial_shops, shop, uniq_grum
D:10:     layout_roguey, minmay_lair_entry_grove, orc_0_dummy, serial_shops,
          shop, st_stairs_7
D:11:     lemuel_upstairs_altar, layout_basic, enter_trove_0
D:12:     layout_loops_ring, serial_shops, nicolae_shop_crystal
D:13:     layout_roguey, uniq_josephine, uniq_azrael, uniq_rupert, uniq_snorg
D:14:     minmay_wizard_corner, layout_irregular_city,
          grunt_vaults_entry_fortified, minmay_misc_feat_enclosed
D:15:     gammafunk_depths_entry_grave, layout_grid_maze, uniq_roxanne,
          uniq_louise, uniq_kirke
Temple:   nicolae_temple_figure_eight
Lair:1:   layout_cave_pods, infiniplex_staircase_pool_2, grunt_megastairs_2,
          serial_bayou_shore_b
Lair:2:   layout_regular_city, swamp_mist_pool, pond, infiniplex_staircase_pool
Lair:3:   layout_cave_shapes, minmay_snake_entry_guardpost_medium,
          grunt_forest_small_clearing_treed
Lair:4:   layout_long_grid
Lair:5:   layout_gridlike, slime_altar_1, st_stairs_7
Lair:6:   due_jungle_book, layout_concentric_octagons, lemuel_fruit_tree,
          grunt_megastairs_1
Swamp:1:  layout_basic_swamp, evilmike_swamp_ruin_house_5, swamp_pool1,
          hangedman_swamp_pad, statue_in_the_mist_lemuel
Snake:1:  layout_onion
Snake:2:  layout_grid_shapes, corexii_hall_statues_t, nicolae_snake_horde_hoard
Snake:3:  layout_onion_interference, basic_altar, st_stairs_5
Snake:4:  grunt_snake_rune_spirals, layout_onion, uniq_saint_roka
Orc:1:    layout_caves, serial_shops, shop_fountains
Orc:2:    st_orc_pillars, layout_caves, serial_shops, shop_fountains,
          gammafunk_ghost_cemetery, mines4_lemuel, uniq_maurice, uniq_nessos

Skill      XL: |  1  2  3  4  5  6  7  8  9 10 11 12 13 14 15 16 |
---------------+-------------------------------------------------+-----
Ice Magic      | 4 5 7 8 11 13 14 16 17 | 17.0
Spellcasting   | 4 6 10 13 14 | 14.1
Shields        | 4 6 |  6.0
Summonings     | 1 |  1.0
Dodging        | 5 |  5.0
Fighting       | 5 6 |  6.3
Stealth        | 6 12 | 12.1
Long Blades    | |  0.5

Action                   |  1- 3 |  4- 6 |  7- 9 | 10-12 | 13-15 | 16-18 || total
-------------------------+-------+-------+-------+-------+-------+-------++-------
Melee: Unarmed           |     5 |       |       |       |       |       ||     5
       Short sword       |    60 |    70 |    16 |       |       |       ||   146
       Kick              |       |     7 |    53 |   109 |   128 |       ||   297
       Long sword        |       |       |   183 |   276 |    50 |       ||   509
       Dagger            |       |       |       |       |   417 |       ||   417
Throw: Dart              |       |       |       |       |     6 |       ||     6
 Cast: Freeze            |    19 |    18 |     9 |    17 |    62 |       ||   125
       Frozen Ramparts   |     3 |    25 |    42 |    70 |    68 |       ||   208
       Ozocubu's Armour  |       |       |     4 |    15 |    10 |       ||    29
       Summon Ice Beast  |       |       |    10 |   112 |    64 |       ||   186
       Hailstorm         |       |       |       |    32 |    50 |       ||    82
       Ozocubu's Refrige |       |       |       |       |   143 |    11 ||   154
       Searing Ray       |       |       |       |       |     6 |       ||     6
Evoke: Wand              |       |       |       |     2 |     5 |     4 ||    11
  Use: Scroll            |       |       |     2 |    14 |    10 |     1 ||    27
 Stab: Sleeping          |       |     3 |    11 |     8 |    40 |       ||    62
       Distracted        |       |       |     1 |     3 |     9 |       ||    13
  Eat: Chunk             |     2 |     9 |    19 |    27 |    59 |     2 ||   118
       Ration            |       |       |     1 |     5 |     9 |       ||    15
Armor: Robe              |    17 |    24 |    53 |    77 |    92 |     1 ||   264
Dodge: Dodged            |    56 |    64 |   124 |   223 |   290 |     3 ||   760
Block: Other             |       |     2 |    15 |       |       |       ||    17
       Buckler           |       |       |    61 |   128 |   125 |     4 ||   318
       Reflection        |       |       |     3 |     3 |       |       ||     6
       Rpst.: Long sword |       |       |    45 |    66 |    17 |       ||   128
